 Dungeon Crawl Stone Soup version 0.28.0-53-g5a82cb258f (webtiles) character file.

Game seed: 2595289726014495835

15 H0rd4k the Charlatan (level 2, -2/21 HPs)
             Began as a Human Artificer on June 23, 2022.
             Frozen to death by an endoplasm (5 damage)
             ... on level 1 of the Dungeon.
             The game lasted 00:00:46 (710 turns).

H0rd4k the Charlatan (Human Artificer)               Turns: 710, Time: 00:00:47

Health: -2/21      AC:  3    Str: 12    XL:     2   Next: 65%
Magic:  2/2        EV: 11    Int: 11    God:
Gold:   39         SH:  0    Dex: 13    Spells: 1/1 levels left

rFire   . . .      SeeInvis .   a - +0 club
rCold   . . .      Faith    .   (no shield)
rNeg    . . .      Spirit   .   b - +0 leather armour
rPois   .          Reflect  .   (no helmet)
rElec   .          Harm     .   (no cloak)
rCorr   .          Rampage  .   (no gloves)
Will    .....                   (no boots)
Stlth   +.........              (no amulet)
HPRegen 0.07/turn               (no ring)
MPRegen 0.08/turn               (no ring)

@: no status effects
A: no striking features
a: no special abilities


You were on level 1 of the Dungeon.
You visited 1 branch of the dungeon, and saw 1 of its levels.

You collected 39 gold pieces.

Inventory:

Hand Weapons
 a - a +0 club (weapon)
 h - a +1 dagger of protection
Armour
 b - a +0 leather armour (worn)
Wands
 c - a wand of flame (11) (quivered)
 d - a wand of charming (15)
Scrolls
 f - a scroll of vulnerability {unknown}
Potions
 g - a potion of brilliance {unknown}
Miscellaneous
 e - a piece from Xom's chessboard (15/15)


   Skills:
 + Level 1.1 Fighting
 + Level 0.5 Maces & Flails
 - Level 2.3 Armour
 + Level 1.0 Dodging
 - Level 1.0 Stealth
 + Level 3.3 Evocations


You had one spell level left.
You didn't know any spells.
Your spell library was empty.

Dungeon Overview and Level Annotations

Branches:
Dungeon (1/15)

Altars:


Message History

Aim: a quokka (lightly wounded, 60% to hit)
The puff of flame hits the quokka.
You kill the quokka!
The bat closely misses you.
Unknown command.
The bat hits you but does no damage.
You hit the bat but do no damage. The bat closely misses you.
The bat hits you but does no damage. x2
You hit the bat.
The bat is severely wounded.
The bat barely misses you.
Aiming: Throw Flame
Press: ? - help, Shift-Dir - straight line, f - bat
Aim: a bat (severely wounded, 57% to hit)
The puff of flame hits the bat.
You kill the bat!
Unknown command.
An endoplasm is nearby!
An endoplasm is nearby!
An endoplasm is nearby!
An endoplasm is nearby!
There is a stone staircase leading down here.
An endoplasm is nearby!
There is a stone staircase leading down here.
The endoplasm quivers.
You barely miss the endoplasm. The endoplasm freezes you.
You are frozen.
The endoplasm freezes you.
You are frozen.
* * * LOW HITPOINT WARNING * * *
You hit the endoplasm.
The endoplasm is heavily wounded.
The endoplasm hits you.
* * * LOW HITPOINT WARNING * * *
You hit the endoplasm.
The endoplasm is almost dead.
The endoplasm freezes you.
You are frozen.
You die...

##. #.# #.##..##.#..# #. #.#
#.##........# ..#.#
#.###.##.#.### #.#.#
#............. #.#.#
#.###.##...... #.#.#
#............. #...#
#.#...........
####..J###.#...........
#.....@....#.##.###..##
#.##...###.#.##.###..#
#.##)#># #.#.........##
#######.##.#.###.####รท###....
........##.#.....# #.# #.###
........##.##########.###.###
............# #.............
............# #.####....####
...._.......####.# ##....####


You could see an endoplasm.

Vanquished Creatures
  A bat (D:1)
  2 giant cockroaches (D:1)
  5 goblins (D:1)
  2 hobgoblins (D:1)
  A quokka (D:1)
  A ball python (D:1)
12 creatures vanquished.

Notes
Turn   | Place    | Note
-------+----------+-------------------------------------------
     0 | D:1      | H0rd4k the Human Artificer began the quest for the Orb.
     0 | D:1      | Reached XP level 1. HP: 15/15 MP: 1/1
   121 | D:1      | Reached XP level 2. HP: 11/21 MP: 2/2
   417 | D:1      | Found a faded altar of an unknown god.
   710 | D:1      | Frozen to death by an endoplasm

Illustrated notes

Levels and vault maps discovered:
D:1:      dpeg_arrival_arbitrary_c, layout_basic, basic_ecumenical_altar,
          minmay_3d_cube

Action                   || total
-------------------------++-------
Melee: Club              ||    63
       Punch             ||     1
Evoke: Wand              ||     4
Armor: Leather armour    ||    28
Dodge: Dodged            ||    59
